 Dungeon Crawl Stone Soup version 0.24-a0-789-g35933f4585 (webtiles) character file.

Game seed: 17147589906437907811, levelgen mode: deterministic

104 Kohma the Caller (level 4, -3/30 HPs)
             Began as a Merfolk Summoner on Oct 10, 2019.
             Slain by Grinder (4 damage)
             ... while paralysed by Grinder
             ... on level 3 of the Dungeon.
             The game lasted 00:10:28 (3436 turns).

Kohma the Caller (Merfolk Summoner)                 Turns: 3436, Time: 00:10:28

Health: -3/30      AC:  2    Str:  8    XL:     4   Next: 80%
Magic:  2/8        EV:  2    Int: 15    God:
Gold:   80         SH:  0    Dex: 14    Spells: 5/8 levels left

rFire    . . .     SeeInvis .   g - +2 spear (venom)
rCold    . . .     Gourm    .   (no shield)
rNeg     . . .     Faith    .   a - +0 robe
rPois    .         Spirit   .   (no helmet)
rElec    .         Reflect  .   (no cloak)
rCorr    .         Harm     .   (no gloves)
MR       .....                  (no boots)
Stlth    ++........             (no amulet)
HPRegen  0.10/turn              (no ring)
MPRegen  0.11/turn              (no ring)

@: paralysed
A: change form in water, swift swim, stealthy swim
a: no special abilities


You were on level 3 of the Dungeon.
You were hungry.

You visited 1 branch of the dungeon, and saw 3 of its levels.

You collected 80 gold pieces.

Inventory:

Hand Weapons
 g - a +2 spear of venom (weapon)
Missiles
 f - 4 javelins (quivered)
Armour
 a - a +0 robe (worn)
Jewellery
 e - a +1 ring of evasion {unknown}
Scrolls
 d - 2 scrolls of identify {unknown}
 h - a scroll of fear {unknown}
 k - a scroll of teleportation {unknown}
 n - a scroll of immolation {unknown}
 r - a scroll of fog {unknown}
Potions
 b - a potion of agility {unknown}
 i - a potion of flight {unknown}
 j - a potion of ambrosia {unknown}
 m - a potion of brilliance
 o - 2 potions of magic {unknown}
 p - a potion of curing {unknown}
 q - a potion of invisibility {unknown}
 s - a potion of haste {unknown}
Comestibles
 c - 5 rations
 l - 2 chunks of flesh


   Skills:
 + Level 3.9 Dodging
 + Level 3.3 Stealth
 + Level 2.7 Spellcasting
 + Level 4.5 Summonings


You had 5 spell levels left.
You knew the following spells:

 Your Spells              Type           Power        Failure   Level  Hunger
a - Summon Small Mammal   Summ           ###.         3%          1    #......
b - Call Imp              Summ           ###.....     4%          2    ##.....

Your spell library contained the following spells:

 Spells                   Type           Power        Failure   Level  Hunger
 Call Canine Familiar     Summ           ###.....     10%         3    ###....
 Summon Guardian Golem    Hex/Summ       #.......     24%         3    ###....
 Summon Ice Beast         Ice/Summ       #.......     63%         4    #####..
 Summon Lightning Spire   Summ/Air       #.......     63%         4    #####..


Dungeon Overview and Level Annotations

Branches:
Dungeon (3/15)

Altars:
Kikubaaqudgha

Annotations:
D:3 Grinder, Robin


Message History

You kill the goblin!
The hobgoblin closely misses you. Grinder gestures at you.
You suddenly lose the ability to move!
A hobgoblin comes into view.
Your crimson imp blinks!
The goblins go into a battle-frenzy!
The stone closely misses your crimson imp.
A stone appears from out of your range of vision.
The stone misses the goblin.
The stone closely misses the goblin.
The hobgoblin hits you. The goblin hits you.
Robin of the Strong Arm comes into view.
They are wielding a +0 mace.
A stone appears from out of your range of vision.
The stone hits your crimson imp. The hobgoblin hits you.
* * * LOW HITPOINT WARNING * * *
The goblin hits you.
* * * LOW HITPOINT WARNING * * *
Grinder hits you.
You die...

$.. #...#.. .g.....
........ .g.....
#....... .5.g... #......
.......####......
....g........#
....†g.g.)...#####
.....§gg..(......#
......5@...(.....#
.................#
...........÷.....#
.............(...#######
........................
###########....(..÷<....
#.............
#.............
#.............


You could see Grinder, Robin, 2 hobgoblins, 5 goblins and a friendly crimson
imp.

Vanquished Creatures
  2 dart slugs (D:1)
  A leopard gecko (D:3)
  2 giant cockroaches
  5 goblins
  4 hobgoblins
  2 jackals (D:2)
  3 bats (D:1)
  3 rats
22 creatures vanquished.

Vanquished Creatures (collateral kills)
  Natasha (thrice) (D:2)
  2 adders
  A worm (D:2)
  A dart slug (D:1)
  2 bats (D:1)
  2 giant cockroaches
  5 hobgoblins
  8 jackals
  3 kobolds (D:1)
  3 frilled lizards (D:2)
  3 goblins
  3 rats
36 creatures vanquished.

Grand Total: 58 creatures vanquished

Notes
Turn   | Place    | Note
-------+----------+-------------------------------------------
     0 | D:1      | Kohma the Merfolk Summoner began the quest for the Orb.
     0 | D:1      | Reached XP level 1. HP: 13/13 MP: 3/3
   451 | D:1      | Reached XP level 2. HP: 11/19 MP: 5/5
   909 | D:1      | Learned a level 2 spell: Call Imp
  1135 | D:1      | Reached XP level 3. HP: 13/24 MP: 1/6
  2118 | D:2      | Found an ancient bone altar of Kikubaaqudgha.
  2266 | D:2      | Noticed Natasha
  2283 | D:2      | Killed Natasha
  2283 | D:2      | Reached XP level 4. HP: 8/30 MP: 1/7
  2514 | D:2      | Noticed Natasha
  2524 | D:2      | Killed Natasha
  2885 | D:2      | Noticed Natasha
  2890 | D:2      | Killed Natasha
  2995 | D:2      | Found an ancient bone altar of Kikubaaqudgha.
  3321 | D:3      | Noticed Grinder
  3411 | D:3      | Paralysed by Grinder for 5 turns
  3418 | D:3      | Paralysed by Grinder for 6 turns
  3434 | D:3      | Paralysed by Grinder for 7 turns
  3435 | D:3      | Noticed Robin
  3436 | D:3      | HP: 1/30 [goblin[Robin] (4)]
  3436 | D:3      | Slain by Grinder

Levels and vault maps discovered:
D:1:      lightli_arrival_maybe_door_vault, layout_basic,
          minmay_misc_feat_columns
D:2:      layout_basic, lemuel_coloured_pillars_altar, first_ration,
          uniq_natasha
D:3:      layout_basic, uniq_robin, uniq_grinder

Skill      XL: |  1  2  3 |
---------------+----------+-----
Dodging        | 3 |  3.9
Stealth        | 3 |  3.3
Spellcasting   | |  2.7
Summonings     | |  4.5

Action                   |  1- 3 |  4- 6 || total
-------------------------+-------+-------++-------
Melee: Dagger            |    57 |       ||    57
       Club              |     4 |       ||     4
       Spear             |    14 |    12 ||    26
 Cast: Summon Small Mamm |    24 |       ||    24
       Call Imp          |    20 |    16 ||    36
  Use: Potion            |     1 |       ||     1
 Stab: Sleeping          |     3 |       ||     3
  Eat: Chunk             |     6 |     4 ||    10
Armor: Robe              |    28 |       ||    28
Dodge: Dodged            |    69 |     7 ||    76

Table legend:
 A = Non-vault XP
 B = Vault XP
 C = Vault XP percentage of total XP
 D = Non-vault monster count
 E = Vault monster count
 F = Vault count percentage of total count
                 A         B        C        D         E       F
            +---------+---------+-------+---------+---------+-------
      Total |     121 |      28 |  18.8 |      54 |       4 |   6.9
            +---------+---------+-------+---------+---------+-------
        D:1 |      45 |       0 |   0.0 |      33 |       0 |   0.0
        D:2 |      65 |      23 |  26.1 |      18 |       1 |   5.3
        D:3 |      11 |       5 |  31.2 |       3 |       3 |  50.0
            +---------+---------+-------+---------+---------+-------
